AoeStats
← Chris Becker

Arena

509159823Analyzed
4v4 RM · 7d ago on Sep 25, 2026· 41m 23s· 8 players
Game mode
Random Map
Map size
Large (8 player)
Population
200
Speed
Normal
Resources
Standard
Victory
Conquest
Starting age
Dark Age
Ending age
Imperial Age
RankedLock teamsTeams togetherTeam positionsShared explorationLock speedFull tech treeHidden civsTurbo modeCheats
Victory
Defeat
🇳🇱 Koreans · Netherlands
1501
+16
🇺🇸 Saxons · United States
1489
+17
🇨🇱 Goths · Chile
1487
+17
🇵🇪 Burgundians · Peru
1486
+17
🇯🇵 Ethiopians · Japan
1547
-19
🇩🇪 Italians · Germany
1521
-17
🇹🇷 Malians · Türkiye
1519
-17
🇩🇪 Berbers · Germany
1448
-14
Chiro My Hero
11:18 Feudal Age
12:16 Double-Bit Axe
12:11 Horse Collar
14:48 Castle Age
15:43 Bow Saw
16:46 Heavy Plow
20:54 Gold Mining
20:54 Stone Mining
23:01 Wheelbarrow
23:12 Town Watch
24:47 Scale Mail Armor
24:57 Forging
25:35 Hand Cart
25:47 Sanctity
26:04 Chain Mail Armor
25:42 Fletching
26:19 Fortified Wall
27:06 Ballistics
27:32 Bodkin Arrow
27:44 Loom
28:00 Town Patrol
30:37 Imperial Age
28:36 Chain Mail Armor
28:56 Iron Casting
28:23 Squires
28:08 Gambesons
29:38 Iron Casting
30:31 Gold Shaft Mining
29:46 Stone Mining
31:50 Plate Mail Armor
31:21 Bracer
31:40 Arson
31:35 Shield Wall
32:35 Conscription
33:03 Elite Varangian Guard
35:35 Chemistry
37:05 Capped Ram
39:16 Masonry
38:46 Treadmill Crane
39:30 Siege Ram
Night Prowler
7:41 Loom
10:15 Feudal Age
11:12 Double-Bit Axe
12:25 Fletching
12:29 Horse Collar
20:16 Castle Age
22:20 Bow Saw
23:28 Heavy Plow
26:31 Crossbowman
28:01 Bodkin Arrow
28:51 Ballistics
31:48 Thumb Ring
34:56 Imperial Age
34:14 Wheelbarrow
34:44 Town Watch
35:22 Masonry
34:58 Arbalester
35:43 Bracer
37:30 Chemistry
36:42 Gold Mining
38:49 Scale Mail Armor
38:12 Pikeman
38:53 Squires
39:50 Forging
39:26 Halberdier
42:10 Chain Mail Armor
42:30 Iron Casting
BigBanana
Patopsx
happikon.6139
Allison
5:47 Loom
12:23 Feudal Age
16:26 Castle Age
15:13 Scale Mail Armor
15:22 Stone Mining
15:20 Double-Bit Axe
16:00 Horse Collar
16:16 Gold Mining
17:53 Squires
17:39 Arson
19:17 Town Watch
20:07 Ballistics
24:31 Forging
25:46 Wheelbarrow
26:36 Chain Mail Armor
28:40 Heavy Plow
31:56 Bow Saw
38:14 Hand Cart
37:53 Fletching
38:46 Bodkin Arrow
40:02 Masonry
39:33 Treadmill Crane
41:02 Iron Casting
40:46 Murder Holes
41:50 Gold Shaft Mining
Chris Becker
10:10 Feudal Age
13:01 Fletching
16:27 Castle Age
14:48 Stone Mining
15:44 Double-Bit Axe
17:03 Loom
23:26 Horse Collar
25:59 Wheelbarrow
28:28 Bow Saw
29:04 Heavy Plow
29:25 Hand Cart
32:37 Imperial Age
30:00 Gold Mining
30:55 Bodkin Arrow
31:06 Scale Barding Armor
31:03 Padded Archer Armor
32:50 Forging
32:29 Light Cavalry
33:10 Husbandry
33:21 Bloodlines
35:22 Two-Man Saw
34:58 Chain Barding Armor
36:23 Ballistics
35:34 Hussar
37:21 Iron Casting
37:15 Bracer
38:24 Leather Archer Armor
39:48 Chemistry
40:04 Fortified Wall
pawnsacrifice
Connection lost

Rejoining the realm…

Still unreachable

The connection could not be restored.

Session expired

The server has moved on; the page needs a fresh start.